AoeStats
← Danigunner

Arena

513302125Analyzed
2v2 RM · 5d ago on Oct 13, 2026· 24m 33s· 4 players
Game mode
Random Map
Map size
Medium (4 player)
Population
200
Speed
Normal
Resources
Standard
Victory
Conquest
Starting age
Dark Age
Ending age
Imperial Age
RankedLock teamsTeams togetherTeam positionsShared explorationLock speedFull tech treeHidden civsTurbo modeCheats
Victory
Defeat
🇧🇷 Muisca · Brazil
945
+16
🇧🇷 Franks · Brazil
937
+16
vs
🇲🇽 Turks · Mexico
948
-16
🇨🇴 Spanish · Colombia
936
-16
Danigunner
0:45 Loom
10:52 Feudal Age
16:34 Castle Age
15:05 Double-Bit Axe
15:17 Gold Mining
16:58 Wheelbarrow
18:45 Hand Cart
18:50 Horse Collar
eeddwwiinn200
0:28 Loom
12:39 Feudal Age
14:33 Wheelbarrow
14:08 Horse Collar
15:02 Double-Bit Axe
19:50 Castle Age
19:31 Gold Mining
19:52 Town Watch
20:04 Stone Mining
21:02 Hand Cart
21:53 Bow Saw
23:24 Pikeman
Dom Pedro III
0:36 Loom
11:47 Feudal Age
12:15 Double-Bit Axe
12:12 Horse Collar
18:37 Castle Age
Shogun_BR
10:42 Loom
12:38 Feudal Age
19:26 Castle Age
19:19 Double-Bit Axe
20:19 Husbandry
23:00 Scale Barding Armor
Connection lost

Rejoining the realm…

Still unreachable

The connection could not be restored.

Session expired

The server has moved on; the page needs a fresh start.